 Dungeon Sprint DCSS version 0.18.1-47-g9310371 (webtiles) character file.

58 Enroth the Skirmisher (level 4, -3/53 HPs)
             Began as an Ogre Fighter on June 18, 2016.
             Drowned by a water elemental (7 damage)
             ... in the Dungeon (Sprint III: "The Ten Rune Challenge").
             The game lasted 00:01:52 (348 turns).

Enroth the Skirmisher (Ogre Fighter)                 Turns: 348, Time: 00:01:53

Health: -3/53      AC:  4    Str: 22    XL:     4   Next: 1%
Magic:  3/4        EV: 10    Int: 12    God:
Gold:   35         SH:  9    Dex: 11    Spells: 0 memorised, 3 levels left

rFire  . . .     SeeInvis .     a - +0 flail
rCold  . . .     Gourm    .     b - +0 robe
rNeg   . . .     Faith    .     c - +0 shield
rPois  .         Spirit   .     (helmet restricted)
rElec  .         Dismiss  .     j - +0 cloak
rCorr  .         Reflect  .     (gloves unavailable)
SustAt .         Harm     .     (boots unavailable)
MR     .....     NoTele   +     (no amulet)
Stlth  +.........               (no ring)
                                (no ring)

@: brilliant, engulfed (cannot breathe), not resistant to hostile enchantments,
very unstealthy
A: unfitting armour, agile 1, blurry vision 1, tough skin 1
a: no special abilities


You were in the Dungeon.
You were not hungry.

You visited 1 branch You collected 35 gold pieces.

Inventory:

Hand Weapons
 a - a +0 flail (weapon)
Armour
 b - a +0 robe (worn)
 c - a +0 shield (worn)
 j - a +0 cloak (worn)
Wands
 d - a wand of polymorph (14/24)
Scrolls
 k - 2 scrolls of blinking
 m - a scroll of holy word {unknown}
 n - 4 scrolls of identify
 q - a scroll of torment {unknown}
 r - 2 scrolls of remove curse
Potions
 e - a potion of curing
 h - a potion of haste
 i - 2 potions of magic
 u - a potion of flight {unknown}
Comestibles
 f - 2 bread rations
 s - a royal jelly


   Skills:
 + Level 6.8 Fighting
 + Level 3.8 Maces & Flails
 + Level 4.5 Dodging
 + Level 4.5 Shields


You had 3 spell levels left.
You didn't know any spells.

Dungeon Overview and Level Annotations

Branches:
Dungeon (1/1)

Altars:


Innate Abilities, Weirdness & Mutations

You are too large for most types of armour.
You have tough skin (AC +1).
You are agile. (Dex +2)
Scrolls take you a little longer to read.


Message History

The water elemental engulfs you in water!
You closely miss the water elemental.
Your lungs strain for air!
The water elemental hits you!
Drink which item? (? for menu, Esc to quit)
It was a potion of cure mutation.
It has a very clean taste.
You feel less resistant to hostile enchantments.
You feel more energetic.
You feel weaker.
You feel robust.
Your lungs strain for air!
The water elemental closely misses you.
Drink which item? (? for menu, Esc to quit)
It was a potion of cancellation.
You feel magically purged.
* * * LOW HITPOINT WARNING * * *
Your lungs strain for air!
The water elemental hits you!
* * * LOW HITPOINT WARNING * * *
Drink which item? (? for menu, Esc to quit)
It was a potion of brilliance.
You feel clever all of a sudden.
You die...

▓▓▓▓▓▓▓▓ ▓▓▓ <..#(..####
##.# ...#......#####..#
..##.......#..#..#
##.##.##...#..#..# #+#+#
##.##.###..##'#..#......
#.####.##..###..@E.⌠....
.###..##..####...#...###
#.....##..###....# ⌠.#
###..##...##.....# .#
##..##....#).....# #
#..###..##.#.....# #..#
#..#####....# ▓▓▓▓ ▓▓▓▓
▓▓▓▓▓▓


You could see a water elemental.

Vanquished Creatures
  Crazy Yiuf (D)
  A human (D)
  2 oozes (D)
  2 rats (D)
6 creatures vanquished.

Vanquished Creatures (others)
  2 draconian scorchers (D)
  A yaktaur (D)
  5 plants (D)
8 creatures vanquished.

Grand Total: 14 creatures vanquished

Notes
Turn   | Place    | Note
--------------------------------------------------------------
     0 | D        | Enroth the Ogre Fighter began the quest for the Orb.
     0 | D        | Reached XP level 1. HP: 24/24 MP: 1/1
    11 | D        | Reached skill level 5 in Fighting
    15 | D        | Reached XP level 2. HP: 24/35 MP: 2/2
    20 | D        | Killed a yaktaur
    51 | D        | Noticed Crazy Yiuf
    78 | D        | Reached skill level 6 in Fighting
    78 | D        | Reached XP level 3. HP: 27/44 MP: 3/3
    81 | D        | Killed Crazy Yiuf
    81 | D        | Reached XP level 4. HP: 33/53 MP: 4/4
   143 | D        | Killed a white draconian scorcher
   329 | D        | Killed a white draconian scorcher
   342 | D        | Noticed a water elemental
   343 | D        | Gained mutation: Your muscles are strong. (Str +2) [potion of mutation]
   343 | D        | Gained mutation: Scrolls take you a little longer to read. [potion of mutation]
   343 | D        | Gained mutation: You are agile. (Dex +2) [potion of mutation]
   344 | D        | Gained mutation: You are frail (-10% HP). [potion of mutation]
   344 | D        | Gained mutation: Your magical capacity is low (-10% MP). [potion of mutation]
   344 | D        | Gained mutation: You are resistant to hostile enchantments. [potion of mutation]
   346 | D        | Lost mutation: You are resistant to hostile enchantments. [potion of cure mutation]
   346 | D        | Lost mutation: Your magical capacity is low (-10% MP). [potion of cure mutation]
   346 | D        | Lost mutation: Your muscles are strong. (Str +2) [potion of cure mutation]
   346 | D        | Lost mutation: You are frail (-10% HP). [potion of cure mutation]
   348 | D        | Drowned by a water elemental

Skill      XL: |  1  2  3 |
---------------+----------+-----
Fighting       | 5 6 |  6.8
Dodging        | 3 4 |  4.5
Shields        | 3 4 |  4.5
Maces & Flails | 3 |  3.8

Action                   |  1- 3 |  4- 6 || total
-------------------------+-------+-------++-------
Melee: Flail             |    37 |     1 ||    38
  Use: Potion            |     3 |     5 ||     8
Armor: Robe              |     1 |     1 ||     2
Dodge: Dodged            |    12 |     1 ||    13
Block: Shield            |    14 |       ||    14
